 Dungeon Crawl Stone Soup version 0.27-a0-1529-g1e82c303ef (webtiles) character file.

Game seed: 847264936581434731

177 gimp the Skirmisher (level 5, -2/43 HPs)
             Began as a Formicid Monk on July 12, 2021.
             Succumbed to a water moccasin's poison
             ... in a sewer.
             The game lasted 00:04:25 (3348 turns).

gimp the Skirmisher (Formicid Monk)                 Turns: 3348, Time: 00:04:26

Health: -2/43      AC:  7    Str: 17    XL:     5   Next: 87%
Magic:  5/5        EV: 11    Int:  9    God:
Gold:   113        SH:  0    Dex: 13    Spells: 4/4 levels left

rFire    + . .     SeeInvis +   a - +0 hand axe
rCold    . . .     Faith    .   (no shield)
rNeg     + . .     Spirit   .   h - +1 ring mail
rPois    .         Reflect  .   (helmet unavailable)
rElec    .         Harm     .   (no cloak)
rCorr    .         Rampage  .   (no gloves)
Will     .....                  (no boots)
Stlth    +.........             (no amulet)
HPRegen  0.14/turn              e - ring of positive energy
MPRegen  0.09/turn              (no ring)

@: lethally poisoned (-2 -> -15)
A: permanent stasis, dig shafts and tunnels, antennae 3, four strong arms, claws
1, fire resistance 1, shaggy fur 1
a: Dig


You were in a sewer.
You visited 1 branch of the dungeon, and saw 4 of its levels.
You also visited: Sewer.

You collected 113 gold pieces.

Inventory:

Hand Weapons
 a - a +0 hand axe (weapon)
 b - a +0 war axe
Missiles
 d - 27 poisoned darts
Armour
 h - a +1 ring mail (worn)
Jewellery
 e - a ring of positive energy (left claw)
Scrolls
 c - a scroll of enchant armour
 f - a scroll of blinking {unknown}
 g - a scroll of noise {unknown}


   Skills:
 * Level 4.9 Fighting
 * Level 4.4 Axes
 + Level 2.2 Armour
 - Level 2.6 Dodging
 - Level 2.4 Stealth


You had 4 spell levels left.
You didn't know any spells.
Your spell library contained the following spells:

 Spells                   Type           Power      Damage    Failure   Level
 Shock                    Conj/Air       0%         1d3       58%         1
 Sublimation of Blood     Necr           0%         N/A       73%         2
 Wereblood                Tmut           0%         N/A       73%         2
 Ignite Poison            Fire/Tmut/Pois 0%         N/A       91%         3
 Mephitic Cloud           Conj/Pois/Air  0%         N/A       91%         3
 Airstrike                Air            0%         N/A       100%        4
 Summon Lightning Spire   Summ/Air       0%         N/A       100%        4
 Bolt of Magma            Conj/Fire/Erth 0%         4d4       100%        5
 Storm Form               Tmut/Air       0%         N/A       100%        7
 Summon Hydra             Summ           0%         N/A       100%        7
 Maxwell's Capacitive Co  Air            0%         ∞         100%        8
 Swiftness                Air            Unusable   N/A       N/A         3

Dungeon Overview and Level Annotations

Branches:
Dungeon (4/15)              Sewer (1/1)
 Temple: D:4-7

Altars:

Annotations:
D:3 Sigmund


Innate Abilities, Weirdness & Mutations

You cannot be hasted, slowed, berserked, paralysed or teleported.
You can dig through walls and to a lower floor.
You have a pair of large antennae on your head. (SInv)
Your four strong arms can wield two-handed weapons with a shield.
You have sharp fingernails.
Your flesh is heat resistant. (rF+)
You are covered in fur. (AC +1)


Message History

You hit the water moccasin.
The water moccasin is severely wounded.
You feel sick. The water moccasin bites you.
The water moccasin closely misses you.
You take 6 damage, and have 16/43 hp.
You are too injured to fight recklessly!
You barely miss the water moccasin.
The water moccasin is heavily wounded.
You feel sick. The water moccasin bites you.
* * * LOW HITPOINT WARNING * * *
You take 4 damage, and have 12/43 hp.
You barely miss the water moccasin.
The water moccasin is heavily wounded.
You feel sick.
You are no longer poisoned.
The water moccasin barely misses you. x2
You miss the water moccasin.
The water moccasin is heavily wounded.
The water moccasin bites you but does no damage.
You barely miss the water moccasin.
The water moccasin is heavily wounded.
The water moccasin closely misses you. The water moccasin bites you.
* * * LOW HITPOINT WARNING * * *
You take 3 damage, and have 9/43 hp.
You hit the water moccasin.
The water moccasin is severely wounded.
The water moccasin bites you.
* * * LOW HITPOINT WARNING * * *
You are lethally poisoned!
The water moccasin poisons you! The water moccasin barely misses you.
You take 4 damage, and have 5/43 hp.
You slash the water moccasin!
The water moccasin is almost dead.
* * * LOW HITPOINT WARNING * * *
You feel very sick.
The water moccasin bites you but does no damage.
You take 4 damage, and have 1/43 hp.
You barely miss the water moccasin.
The water moccasin is almost dead.
You die...

#..###..##
#.≈≈ #≈..#
#.≈# ##≈.#
#.. #≈.#
#. #≈.#
##..#
#.≈.#
##..##
#≈@.#
#...≈S##
#≈≈.≈.#
##...##
#.≈. .#≈#
$)#. ## ##


You could see a water moccasin.

Vanquished Creatures
  A bullfrog (D:3)
  4 adders
  A worm (D:2)
  A dart slug (D:2)
  8 ball pythons
  7 endoplasms
  2 giant cockroaches (D:4)
  5 hobgoblins
  17 jackals
  7 kobolds
  4 quokkas
  4 bats
  2 goblins
  4 rats
67 creatures vanquished.

Notes
Turn   | Place    | Note
-------+----------+-------------------------------------------
     0 | D:1      | gimp the Formicid Monk began the quest for the Orb.
     0 | D:1      | Reached XP level 1. HP: 18/18 MP: 1/1
   331 | D:1      | Reached XP level 2. HP: 24/24 MP: 2/2
   830 | D:2      | Reached skill level 1 in Armour
   830 | D:2      | Reached XP level 3. HP: 14/30 MP: 3/3
  1030 | D:2      | Found a faded altar of an unknown god.
  1253 | D:2      | Reached XP level 4. HP: 25/37 MP: 4/4
  2181 | D:3      | Noticed Sigmund
  2259 | D:3      | Noticed a bullfrog
  2275 | D:3      | Killed a bullfrog
  2276 | D:3      | Reached XP level 5. HP: 10/43 MP: 5/5
  2981 | D:4      | Found a glowing drain.
  3226 | Sewer    | Entered a sewer
  3326 | Sewer    | Noticed a water moccasin
  3328 | Sewer    | Gained mutation: You have sharp fingernails. [potion of
                  | mutation]
  3328 | Sewer    | Gained mutation: Your flesh is heat resistant. (rF+)
                  | [potion of mutation]
  3328 | Sewer    | Gained mutation: You are covered in fur. (AC +1) [potion of
                  | mutation]
  3347 | Sewer    | HP: 1/43 [poisoned by a water moccasin]
  3348 | Sewer    | Succumbed to a water moccasin's poison

Illustrated notes

Levels and vault maps discovered:
D:1:      nzn_arrival_settlement, layout_basic
D:2:      layout_basic, ebering_ecumenical_altar_rust, minmay_tall_x
D:3:      layout_rooms, minmay_misc_feat_chi, minmay_fountain_box, uniq_sigmund
D:4:      layout_gridville, minmay_temple_entry_junction, portal_sewer_entry_a,
          kennysheep_windowed_goal
Sewer:    sewer_the_moccasin

Skill      XL: |  1  2  3  4 |
---------------+-------------+-----
Armour         | 1 2 |  2.2
Fighting       | 4 |  4.9
Axes           | 4 |  4.4
Dodging        | |  2.6
Stealth        | |  2.4

Action                   |  1- 3 |  4- 6 || total
-------------------------+-------+-------++-------
Melee: Hand axe          |    61 |   159 ||   220
       War axe           |       |    31 ||    31
  Use: Potion            |       |     4 ||     4
       Scroll            |       |     6 ||     6
 Stab: Sleeping          |     5 |     1 ||     6
Armor: Robe              |     5 |       ||     5
       Leather armour    |    13 |    18 ||    31
       Skin              |       |     6 ||     6
       Ring mail         |       |    45 ||    45
Dodge: Dodged            |    32 |   147 ||   179

Table legend: (Time is in decaauts)
 A = Elapsed time spent in this place.
 B = Non-inter-level travel time spent in this place.
 C = Inter-level travel time spent in this place.
 D = Time resting spent in this place.
 E = Time spent auto-exploring this place.
 F = Levels seen in this place.
 G = Mean time per level.
                   A        B        C        D        E       F      G
               +--------+--------+--------+--------+--------+-----+--------+
         Total |   3382 |   3339 |     43 |    158 |   2539 |   5 |  676.4 |
       Dungeon |   3255 |   3212 |     43 |    158 |   2458 |   4 |  813.8 |
         Sewer |    127 |    127 |      0 |      0 |     81 |   1 |  127.0 |
               +--------+--------+--------+--------+--------+-----+--------+

Top non-repeatable levels by time:
     D:2: 1437 daAuts
     D:3: 977 daAuts
     D:1: 722 daAuts
   Sewer: 127 daAuts
     D:4: 117 daAuts
